 Dungeon Crawl Stone Soup version 0.30.0-2-g1aa4bd4387 (webtiles) character file.

Game seed: 15209360619880436245

1623 brob1 the Cleaver (level 8, -1/73 HPs)
             Began as a Minotaur Berserker on May 7, 2023.
             Was an Elder of Trog.
             Succumbed to a wight's poison
             ... on level 6 of the Dungeon.
             The game lasted 00:07:55 (4497 turns).

brob1 the Cleaver (Minotaur Berserker)              Turns: 4497, Time: 00:07:56

Health: -1/73      AC: 10    Str: 25    XL:     8   Next: 65%
Magic:  7/7        EV: 12    Int:  4    God:    Trog [****..]
Gold:   418        SH:  0    Dex:  9    Spells: 7/7 levels left

rFire   + . .        o - +0 broad axe
rCold   + + .        (no shield)
rNeg    . . .        n - +0 ring mail
rPois   +            (helmet restricted)
rElec   +            B - +0 cloak
rCorr   +            (no gloves)
SInv    .            z - +2 pair of boots
Will    .....        (no amulet)
Stlth   +            c - ring of protection from cold
HPRegen 0.32/turn    l - +4 ring of slaying
MPRegen 0.10/turn

%: no passive effects
@: brilliant, lethally poisoned (-1 -> -14), resistant
A: horns 2, retaliatory headbutt
a: Renounce Religion, Berserk, Trog's Hand, Brothers in Arms


You were on level 6 of the Dungeon.
You worshipped Trog.
Trog was greatly pleased with you.
You visited 1 branch of the dungeon, and saw 6 of its levels.

You collected 418 gold pieces.

Inventory:

Hand Weapons
 a - a +0 hand axe
 o - a +0 broad axe (weapon)
 t - the +4 whip "Tauculan" {vamp, Will- rCorr Int+3 SInv}
   (You found it on level 3 of the Dungeon)

   Int:       It affects your intelligence (+3).
   SInv:      It lets you see invisible.
   rCorr:     It protects you from acid and corrosion.
   Will:      It decreases your willpower.
 v - a +0 whip of venom
 A - a +0 war axe
Missiles
 E - a throwing net (quivered)
Armour
 n - a +0 ring mail (worn)
 z - a +2 pair of boots (worn)
 B - a +0 cloak (worn)
Jewellery
 c - a ring of protection from cold (left hand)
 k - a ring of fire
 l - a +4 ring of slaying (right hand)
 C - a ring of fire
Scrolls
 b - 2 scrolls of summoning {unknown}
 d - a scroll of fog
 e - a scroll of vulnerability
 g - a scroll of amnesia {unknown}
 h - 2 scrolls of enchant weapon {unknown}
 j - 2 scrolls of noise {unknown}
 p - a scroll of blinking {unknown}
 u - 2 scrolls of identify {unknown}
 x - a scroll of teleportation
 y - a scroll of torment {unknown}
Potions
 f - 6 potions of curing {unknown}
 i - 4 potions of brilliance
 m - a potion of attraction {unknown}
 q - a potion of resistance
 r - a potion of magic {unknown}
 s - 2 potions of might {unknown}
 w - a potion of lignification {unknown}
 D - a potion of berserk rage {unknown}
 F - a potion of cancellation {unknown}


   Skills:
 + Level 7.2 Fighting
 + Level 10.0 Axes
 + Level 5.7 Armour
 + Level 4.2 Dodging
 + Level 0.8 Stealth


You had 7 spell levels left.
You didn't know any spells.
Your spell library was empty.

Dungeon Overview and Level Annotations

Branches:
Dungeon (6/15)             Temple (0/1) D:4

Altars:
Xom
Zin


Innate Abilities, Weirdness & Mutations

You have a pair of horns on your head.
You reflexively headbutt those who attack you in melee.


Message History

Menkaure and 2 wights come into view.
A wight is wielding a +0 short sword of venom.
Menkaure shouts!
A wight comes into view.
It is wielding a +3 great sword. 2 wights come into view.
You slash Menkaure! You headbutt Menkaure.
Menkaure is heavily damaged.
Menkaure hits you!!
You barely miss Menkaure. You headbutt Menkaure!
Menkaure is almost destroyed.
The wight hits you from afar with a +3 spear.
Menkaure calls on the powers of darkness!
Your body is wracked with pain!
You are too injured to fight recklessly!
You are too injured to fight recklessly!
Unknown command.
You hit Menkaure.
You destroy Menkaure!
Trog accepts your kill.
Trog appreciates your killing of a magic user.
The wight hits you but does no damage. x2
You are poisoned.
The wight hits you from afar with a +3 spear!
* * * LOW HITPOINT WARNING * * *
You feel drained.
* * * LOW HITPOINT WARNING * * *
Your life force feels restored.
Your Axes skill increases to level 10!
* * * LOW HITPOINT WARNING * * *
You feel very sick.
It was a potion of brilliance.
You feel clever all of a sudden.
* * * LOW HITPOINT WARNING * * *
You feel sick.
The wight hits you with a +0 short sword of venom.
* * * LOW HITPOINT WARNING * * *
You are more poisoned.
It was a potion of resistance.
You feel protected.
You die...

#.# #.#
.##### #.#
......##.#
.......#.#
.......#.#
..zz.#.#
zz.#.#
.#####.#@#
.....z.z.#
######.###
#. ##


You could see 2 wights.

Vanquished Creatures
  Prince Ribbit (D:6)
  Menkaure (D:6)
  A water moccasin (D:6)
  A black bear (D:6)
  An ice beast (D:5)
  An ogre (D:6)
  A phantom (D:6)
  Blork the orc (D:6)
  2 scorpions
  A jelly (D:5)
  4 hounds
  An orc priest (D:3)
  2 iguanas
  3 orc wizards (D:5)
  A sleepcap (D:6)
  9 gnolls
  7 adders
  3 white imps (D:5)
  5 ufetubi
  2 worms
  2 dart slugs
  20 orcs
  18 endoplasms
  A giant cockroach (D:2)
  8 goblins
  7 hobgoblins
  8 jackals (D:1)
  13 kobolds
  4 quokkas (D:1)
  10 ball pythons
  A bat (D:1)
  4 frilled lizards
  5 rats
149 creatures vanquished.

Notes
Turn   | Place    | Note
-------+----------+-------------------------------------------
     0 | D:1      | brob1 the Minotaur Berserker began the quest for the Orb.
     0 | D:1      | Reached XP level 1. HP: 19/19 MP: 0/0
    70 | D:1      | Reached XP level 2. HP: 27/27 MP: 1/1
    73 | D:1      | Reached skill level 4 in Axes
   297 | D:1      | Reached ** piety under Trog
   343 | D:1      | Reached XP level 3. HP: 33/33 MP: 2/2
  1062 | D:2      | Reached XP level 4. HP: 41/41 MP: 3/3
  1490 | D:3      | Reached skill level 5 in Axes
  1495 | D:3      | Reached skill level 5 in Fighting
  1495 | D:3      | Reached *** piety under Trog
  1665 | D:3      | Identified the +4 whip "Tauculan" {vamp, Will- rCorr Int+3
                  | SInv}
  1699 | D:3      | Reached XP level 5. HP: 48/48 MP: 4/4
  2483 | D:4      | Reached skill level 6 in Axes
  2483 | D:4      | Reached XP level 6. HP: 55/56 MP: 5/5
  2890 | D:4      | Found a staircase to the Ecumenical Temple.
  3465 | D:5      | Entered Level 5 of the Dungeon
  3501 | D:5      | Reached XP level 7. HP: 53/63 MP: 6/6
  3503 | D:5      | Reached **** piety under Trog
  3590 | D:5      | Reached skill level 7 in Axes
  3667 | D:5      | Found a glowing silver altar of Zin.
  3668 | D:5      | Noticed an angel
  3672 | D:5      | Found a shimmering altar of Xom.
  4071 | D:6      | Noticed Blork the orc
  4080 | D:6      | Killed Blork the orc
  4081 | D:6      | Reached skill level 8 in Axes
  4201 | D:6      | Reached XP level 8. HP: 53/71 MP: 7/7
  4302 | D:6      | Reached skill level 5 in Armour
  4332 | D:6      | Noticed Prince Ribbit
  4339 | D:6      | Killed Prince Ribbit
  4340 | D:6      | Reached skill level 9 in Axes
  4490 | D:6      | Noticed Menkaure
  4494 | D:6      | Killed Menkaure
  4495 | D:6      | Reached skill level 10 in Axes
  4496 | D:6      | HP: 2/73 [wight/+0 short sword of venom (5)]
  4497 | D:6      | Succumbed to a wight's poison

Illustrated notes

Levels and vault maps discovered:
D:1:      psy_arrival_spokes, layout_basic, kennysheep_small_spiral,
          minmay_fountain_box, minmay_box_of_dots
D:2:      layout_basic
D:3:      minmay_diamond_boxcup, layout_loops_ring
D:4:      minmay_evil_eye, layout_loops_corners, minmay_temple_entry_offerings
D:5:      layout_basic, grunt_temple_overflow_order_and_chaos_1
D:6:      layout_basic, uniq_menkaure, uniq_edmund, uniq_prince_ribbit1,
          uniq_blork_the_orc

Skill      XL: |  1  2  3  4  5  6  7  8 |
---------------+-------------------------+-----
Axes           | 4 5 6 8 10 | 10.0
Fighting       | 4 5 6 7 |  7.2
Armour         | 3 4 5 |  5.7
Dodging        | 3 4 |  4.2
Stealth        | |  0.8

Action                     |  1- 3 |  4- 6 |  7- 9 || total
---------------------------+-------+-------+-------++-------
  Melee: Hand axe          |    57 |       |       ||    57
         Headbutt          |    11 |     6 |    12 ||    29
         Broad axe         |       |   102 |    61 ||   163
         Punch             |       |       |     1 ||     1
    Use: Scroll            |       |     3 |       ||     3
         Potion            |       |       |     2 ||     2
 Armour: Animal skin       |    11 |       |       ||    11
         Ring mail         |       |    28 |    26 ||    54
  Dodge: Dodged            |    37 |    73 |    37 ||   147
